 Dungeon Crawl Stone Soup version 0.21.1-1-g345015f (webtiles) character file.

21 tidbits the Charmwright (level 2, -2/26 HPs)
             Began as a Gnoll Skald on June 22, 2018.
             Slain by an ogre
             ... wielding a +0 giant spiked club
              (26 damage)
             ... on level 4 of the Dungeon.
             The game lasted 00:02:50 (292 turns).

tidbits the Charmwright (Gnoll Skald)                Turns: 292, Time: 00:02:51

Health: -2/26      AC:  3    Str: 18    XL:     2   Next: 83%
Magic:  3/7        EV: 14    Int: 15    God:
Gold:   12         SH:  0    Dex: 14    Spells: 5/10 levels left

rFire    . . .     SeeInvis .   a - +0 hand axe
rCold    . . .     Gourm    +   (no shield)
rNeg     . . .     Faith    .   b - +0 leather armour
rPois    .         Spirit   .   (no helmet)
rElec    .         Reflect  .   (no cloak)
rCorr    .         Harm     .   (no gloves)
MR       .....                  (no boots)
Stlth    +.........             m - amulet of the gourmand
HPRegen  0.08/turn              W - ring of wizardry
MPRegen  0.10/turn              (no ring)

@: mighty, shrouded, infused
A: distributed training, fangs 1, strong nose
a: no special abilities


You were on level 4 of the Dungeon.
You were not hungry.

You visited 1 branch of the dungeon, and saw 4 of its levels.

You collected 12 gold pieces.

Inventory:

Hand Weapons
 a - a +0 hand axe (weapon)
 f - a +0 dagger
 j - a +0 hunting sling
Missiles
 h - 17 arrows
 k - 15 stones (quivered)
Armour
 b - a +0 leather armour (worn)
 n - a scarf of resistance
   (You found it on level 2 of the Dungeon)
Jewellery
 m - an amulet of the gourmand (around neck)
   (You found it on level 2 of the Dungeon)
 W - a ring of wizardry (left hand)
   (You found it on level 2 of the Dungeon)
Scrolls
 e - 2 scrolls of identify {unknown}
 g - a scroll of teleportation {unknown}
 l - a scroll of noise {unknown}
Books
 c - a book of Battle

   Spells                             Type                      Level
   a - Infusion                       Charms                       1
   b - Shroud of Golubria             Charms/Translocation         2
   c - Song of Slaying                Charms                       2
   d - Spectral Weapon                Hexes/Charms                 3
   e - Regeneration                   Charms/Necromancy            3
Comestibles
 d - 2 rations


   Skills:
 + Level 4.5 Fighting
 + Level 0.5 Short Blades
 + Level 0.5 Long Blades
 + Level 4.5 Axes
 + Level 0.5 Maces & Flails
 + Level 0.5 Polearms
 + Level 0.5 Staves
 + Level 0.5 Slings
 + Level 0.5 Bows
 + Level 0.5 Crossbows
 + Level 0.5 Throwing
 + Level 2.5 Armour
 + Level 4.5 Dodging
 + Level 0.5 Stealth
 + Level 0.5 Shields
 + Level 0.5 Unarmed Combat
 + Level 4.9 Spellcasting
 + Level 0.3 Conjurations
 + Level 0.3 Hexes
 + Level 5.3 Charms
 + Level 0.3 Summonings
 + Level 0.3 Necromancy
 + Level 0.3 Translocations
 + Level 0.3 Transmutations
 + Level 0.3 Fire Magic
 + Level 0.3 Ice Magic
 + Level 0.3 Air Magic
 + Level 0.3 Earth Magic
 + Level 0.3 Poison Magic
 + Level 0.6 Invocations
 + Level 0.5 Evocations


You had 5 spell levels left.
You knew the following spells:

 Your Spells              Type           Power        Failure   Level  Hunger
g - Shroud of Golubria    Chrm/Tloc      ##........   3%          2    ##.....
i - Infusion              Chrm           ###.         1%          1    None
y - Song of Slaying       Chrm           ###.....     1%          2    ##.....


Dungeon Overview and Level Annotations

Branches:
Dungeon (4/15)
 Temple: D:4-7

Altars:
Zin


Innate Abilities, Weirdness & Mutations

Your experience applies equally to all skills.
You have very sharp teeth.
Your uncanny sense of smell can sniff out nearby items.


Message History

Found a glowing dagger.
There is a stone staircase leading down here.
Unknown command.
You climb downwards.
There is a stone staircase leading up here.
Unknown command.
Unknown command.
A kobold comes into view. It is wielding a dagger.
The kobold shouts!
You hear a shout!
A hobgoblin comes into view. It is wielding a club.
Casting: Infusion
Confirm with . or Enter, or press ? or * to list all spells.
You start singing a song of slaying.
You hit the kobold.
The kobold is severely wounded.
The kobold barely misses you.
You closely miss the hobgoblin. You hit the kobold but do no damage.
The kobold hits you but does no damage. The hobgoblin hits you with a club.
You barely miss the hobgoblin. You closely miss the kobold.
The kobold closely misses you. The hobgoblin barely misses you.
You closely miss the kobold. You bite the kobold, but do no damage.
The kobold is severely wounded.
Your leather armour prevents you from hitting the hobgoblin.
The kobold closely misses you. The hobgoblin hits you with a club.
You hit the kobold.
You kill the kobold!
You hit the hobgoblin.
The hobgoblin hits you but does no damage.
You slash the hobgoblin!
You kill the hobgoblin!
Things that are here:
a club; a hobgoblin corpse
There is a stone staircase leading down here.
You climb downwards.
You hear the sound of rushing water.
There is an entrance to a sewer on this level.
Hurry and find it before the portal rusts away!
You hear the slow rusting of a very distant drain.
There is a stone staircase leading up here.
Your song is almost over.
There is a stone staircase leading up here.
An ooze comes into view.
There is a stone staircase leading down here.
You climb downwards. 2 worker ants come into view.
The worker ant twitches its antennae in your direction. x2
Found 6 javelins.
There is a stone staircase leading up here.
Your song has ended.
You hear a shout!
The worker ant waves its antennae.
You climb upwards.
You hear the sound of rushing water.
There is an entrance to a sewer on this level.
Hurry and find it before the portal rusts away!
There is a stone staircase leading down here.
Casting: Song of Slaying
Confirm with . or Enter, or press ? or * to list all spells.
You start singing a song of slaying.
The ooze jiggles.
You hit the ooze.
The ooze is lightly wounded.
The ooze barely misses you.
You hit the ooze but do no damage.
The ooze is lightly wounded.
The ooze misses you.
You hit the ooze. You bite the ooze, but do no damage.
The ooze is moderately wounded.
The ooze hits you but does no damage.
You hit the ooze.
The ooze is heavily wounded.
The ooze misses you.
You hit the ooze.
The ooze is almost dead.
The ooze hits you.
You hit the ooze.
You kill the ooze!
There is a stone staircase leading down here.
You climb downwards.
Found a leather armour.
There is a stone staircase leading up here.
Unknown command.
Your song is almost over.
Your song has ended.
You hear a shout!
Found 11 gold pieces.
An ogre comes into view. It is wielding a giant spiked club.
It was a potion of might.
You feel very mighty all of a sudden.
Casting: Song of Slaying
Confirm with . or Enter, or press ? or * to list all spells.
You begin infusing your attacks with magical energy.
A bullfrog skeleton comes into view.
Casting: Infusion
Confirm with . or Enter, or press ? or * to list all spells.
Space distorts slightly along a thin shroud covering your body.
Unknown command.
You hit the ogre! You punch the ogre.
The ogre is heavily wounded.
The ogre hits you with a giant spiked club!!
Ouch! That really hurt!
You die...

#####.
.#..... ∆
.......##
......###
....... #Z...
##..##.O##
....$..@.# #
###.####.##.#
#.........#
######.####
#####
########.##
#...
..........#
#..#
########..#
#..#
#..#####..#
#.........#


You could see an ogre and a bullfrog skeleton.

Vanquished Creatures
  An ooze (D:3)
  A dart slug (D:1)
  2 bats
  4 goblins
  2 hobgoblins (D:2)
  A kobold (D:2)
  A frilled lizard (D:2)
  A rat (D:1)
13 creatures vanquished.

Notes
Turn   | Place    | Note
-------+----------+-------------------------------------------
     0 | D:1      | tidbits the Gnoll Skald began the quest for the Orb.
     0 | D:1      | Reached XP level 1. HP: 20/20 MP: 6/6
    81 | D:1      | Reached XP level 2. HP: 18/26 MP: 1/7
    85 | D:1      | Learned a level 2 spell: Song of Slaying
    88 | D:1      | Learned a level 2 spell: Shroud of Golubria
   121 | D:2      | Found a glowing silver altar of Zin.
   288 | D:4      | Noticed an ogre
   292 | D:4      | Slain by an ogre

Action                   || total
-------------------------++-------
Melee: Hand axe          ||    34
       Bite              ||     4
       Punch             ||     1
 Cast: Infusion          ||     4
       Song of Slaying   ||     3
       Shroud of Golubri ||     1
  Use: Potion            ||     1
Armor: Leather armour    ||     5
Dodge: Dodged            ||    19

Table legend:
 A = Turns spent in this place as a percentage of turns spent in the entire game.
 B = Non-inter-level travel turns spent in this place as a percentage of non-inter-level travel turns spent in the entire game.
 C = Inter-level travel turns spent in this place as a percentage of turns spent in this place.
 D = Turns resting spent in this place as a percentage of non-inter-level travel turns spent in this place.
 E = Turns spent auto-exploring this place as a percentage of non-inter-level travel turns spent in this place.
 F = Non-inter-level travel turns spent in this place divided by the number of levels of this place that you've seen.
                   A       B       C       D       E      F
               +-------+-------+-------+-------+-------+----------------------
         Total | 100.0 | 100.0 |   0.0 |   0.0 |   0.0 |  73.0
       Dungeon | 100.0 | 100.0 |   0.0 |   0.0 |   0.0 |  73.0
               +-------+-------+-------+-------+-------+----------------------

Table legend:
 A = Kills in this place as a percentage of kills in entire the game.
 B = Kills by you in this place as a percentage of kills by you in the entire game.
 C = Kills by friends in this place as a percentage of kills by friends in the entire game.
 D = Other kills in this place as a percentage of other kills in the entire game.
 E = Experience gained in this place as a percentage of experience gained in the entire game.
 F = Experience gained in this place divided by the number of levels of this place that you have seen.
                   A       B       C       D       E      F
               +-------+-------+-------+-------+-------+----------------------
         Total | 100.0 | 100.0 |   N/A |   N/A | 100.0 |   7.5
       Dungeon | 100.0 | 100.0 |   N/A |   N/A | 100.0 |   7.5
               +-------+-------+-------+-------+-------+----------------------

Vault maps used:
D:1:      minmay_arrival_four_loops
D:2:      overflow_temple_1_default
D:3:      portal_sewer_entry_b, first_ration, hangedman_decor_growths,
          kennysheep_generic_room_3, uniq_grinder
D:4:      lemuel_doored_altar, minmay_lizard_king, uniq_menkaure
